 Dungeon Crawl Stone Soup version 0.24.0-7-gb3623d2c88 (webtiles) character file.

Game seed: 12898248046534988042, levelgen mode: deterministic

921 Furryfag69 the Basher (level 7, -3/57 HPs)
             Began as a Minotaur Berserker on Nov 2, 2019.
             Was a Priest of Trog.
             Slain by a bullfrog (7 damage)
             ... on level 3 of the Dungeon.
             The game lasted 00:08:53 (3332 turns).

Furryfag69 the Basher (Minotaur Berserker)          Turns: 3332, Time: 00:08:54

Health: -3/57      AC:  2    Str: 22    XL:     7   Next: 84%
Magic:  6/6        EV: 13    Int:  4    God:    Trog [***...]
Gold:   177        SH:  0    Dex: 11    Spells: 6/6 levels left

rFire    . . .     SeeInvis .   p - +1 mace (crush)
rCold    . . .     Gourm    .   (no shield)
rNeg     . . .     Faith    .   b - +0 animal skin
rPois    .         Spirit   .   (helmet restricted)
rElec    .         Reflect  .   (no cloak)
rCorr    .         Harm     .   (no gloves)
MR       .....                  (no boots)
Stlth    +.........             (no amulet)
HPRegen  0.19/turn              (no ring)
MPRegen  0.10/turn              (no ring)

@: confused
A: retaliatory headbutt, horns 2
a: Berserk, Trog's Hand, Renounce Religion


You were on level 3 of the Dungeon.
You worshipped Trog.
Trog was most pleased with you.
You were not hungry.

You visited 1 branch of the dungeon, and saw 4 of its levels.

You collected 177 gold pieces.

Inventory:

Hand Weapons
 p - a +1 mace of crushing (weapon)
Armour
 b - a +0 animal skin (worn)
Wands
 h - a wand of iceblast (4)
Scrolls
 k - 4 scrolls of identify
 o - a scroll of enchant armour {unknown}
Potions
 a - a potion of ambrosia
 d - a potion of lignification {unknown}
 e - 2 potions of invisibility {unknown}
 f - a potion of magic
 g - a potion of mutation
 i - a potion of agility
 j - a potion of curing
 m - a potion of brilliance {unknown}
 n - 2 potions of might {unknown}
Comestibles
 c - 2 rations


   Skills:
 - Level 3.6 Fighting
 * Level 10.1 Maces & Flails
 - Level 2.4 Armour
 + Level 4.3 Dodging
 + Level 2.0 Stealth


You had 6 spell levels left.
You didn't know any spells.
Your spell library was empty.

Dungeon Overview and Level Annotations

Branches:
Dungeon (4/15)             Temple (0/1) D:4

Altars:
Dithmenos
Hepliaklqana
Okawaru
Qazlal
Sif Muna
Uskayaw

Shops:
D:4 (


Innate Abilities, Weirdness & Mutations

You reflexively headbutt those who attack you in melee.
You have a pair of horns on your head.


Message History

You hit the ogre.
The ogre is heavily wounded.
The bullfrog hits you.
The ogre hits you with a +0 giant spiked club!
* * * LOW HITPOINT WARNING * * *
You hit the bullfrog.
The bullfrog is moderately wounded.
The bullfrog barely misses you.
You bump into the rock wall.
The bullfrog hits you.
* * * LOW HITPOINT WARNING * * *
The ogre closely misses you. The bullfrog barely misses you.
You hit the ogre.
The ogre is heavily wounded.
The bullfrog barely misses you.
The ogre hits you with a +0 giant spiked club!
* * * LOW HITPOINT WARNING * * *
The bullfrog hits you.
* * * LOW HITPOINT WARNING * * *
The bullfrog hits you!
You die...

.#####.........#[.#
#.# #..#.## .#
##.######..#..#
#.###...รท.# .#
#.............#
#.........##
.####..######.#..##
#####......#
.)....<..........#
##.###.#
#.###...#####.#..#
#.# #.# #.# #...###
#.#..# #.###.# #.#
#.....###.#..#
#.....# #.#
#..........F@#
#####.## #.#
#>###.###.#.##
#..... ..#
#.........#O#
####.###. ###
#..#...####.#
#....# #.
#...........#
#.##.###.
##.#...######
#.##..... #.##.##
#......## #.##.###
#..###..# #.##...#
#..# ##.#


You could see an ogre and a bullfrog.

Vanquished Creatures
  A hornet (D:4)
  Eustachio (D:4)
  2 scorpions (D:4)
  2 hounds (D:4)
  2 orc wizards
  Crazy Yiuf (D:2)
  Terence (D:2)
  Jessica (D:2)
  Ijyb (D:3)
  3 worker ants (D:4)
  A hound skeleton (D:4)
  A gnoll (D:4)
  9 adders
  2 adder skeletons (D:4)
  2 worms
  A dart slug (D:3)
  7 orcs
  8 bats
  4 giant cockroaches
  10 goblins
  5 hobgoblins
  5 jackals
  2 quokkas
  A ball python (D:3)
  6 frilled lizards
  9 kobolds
  4 rats
92 creatures vanquished.

Notes
Turn   | Place    | Note
-------+----------+-------------------------------------------
     0 | D:1      | Furryfag69 the Minotaur Berserker began the quest for the
                  | Orb.
     0 | D:1      | Reached XP level 1. HP: 19/19 MP: 0/0
   134 | D:1      | Reached skill level 4 in Maces & Flails
   194 | D:1      | Reached XP level 2. HP: 26/26 MP: 1/1
   698 | D:2      | Noticed Terence
   707 | D:2      | Killed Terence
   707 | D:2      | Reached skill level 5 in Maces & Flails
   707 | D:2      | Reached XP level 3. HP: 13/31 MP: 2/2
   914 | D:2      | Noticed Jessica
   928 | D:2      | Killed Jessica
   928 | D:2      | Reached XP level 4. HP: 20/39 MP: 3/3
  1454 | D:2      | Found a runed translucent door.
  1455 | D:2      | Noticed Crazy Yiuf
  1461 | D:2      | Killed Crazy Yiuf
  1461 | D:2      | Reached skill level 6 in Maces & Flails
  1706 | D:3      | Noticed Ijyb
  1713 | D:3      | Killed Ijyb
  1713 | D:3      | Reached XP level 5. HP: 36/45 MP: 4/4
  1750 | D:3      | Reached ** piety under Trog
  1941 | D:3      | Reached skill level 7 in Maces & Flails
  1941 | D:3      | Reached skill level 1 in Stealth
  2268 | D:3      | Reached *** piety under Trog
  2403 | D:3      | Reached XP level 6. HP: 47/51 MP: 5/5
  2531 | D:4      | Found a hide-covered altar of Uskayaw.
  2535 | D:4      | Found a shadowy altar of Dithmenos.
  2546 | D:4      | Found a shimmering blue altar of Sif Muna.
  2571 | D:4      | Found Fucoede's Antique Weapon Shoppe.
  2689 | D:4      | Reached skill level 8 in Maces & Flails
  2749 | D:4      | Found a hazy altar of Hepliaklqana.
  2751 | D:4      | Found an iron altar of Okawaru.
  2752 | D:4      | Found a stormy altar of Qazlal.
  2767 | D:4      | Noticed a hornet
  2774 | D:4      | Paralysed by a hornet for 1 turns
  2778 | D:4      | Killed a hornet
  2778 | D:4      | Reached skill level 9 in Maces & Flails
  2778 | D:4      | Reached XP level 7. HP: 29/57 MP: 6/6
  2981 | D:4      | Noticed Eustachio
  3007 | D:4      | Killed Eustachio
  3182 | D:4      | Reached skill level 10 in Maces & Flails
  3311 | D:4      | Found a staircase to the Ecumenical Temple.
  3332 | D:3      | Slain by a bullfrog

Levels and vault maps discovered:
D:1:      dpeg_arrival_renting, layout_basic
D:2:      layout_loops_cross, first_ration, uniq_jessica,
          uniq_crazy_yiuf_cottage, uniq_terence
D:3:      minmay_chambers_of_threes, layout_loops_ring, uniq_ijyb
D:4:      minmay_octagon_keep, layout_basic, grunt_temple_overflow_open,
          chequers_temple_overflow_statue_of_worship,
          minmay_temple_entry_overgrown, serial_shops,
          nicolae_shop_temple_entry_statues_fountains,
          cheibrodos_sewer_entry_bend, serial_park_tiny_1, uniq_eustachio

Skill      XL: |  1  2  3  4  5  6  7 |
---------------+----------------------+-----
Maces & Flails | 4 5 6 7 9 10 | 10.1
Dodging        | 3 4 |  4.3
Stealth        | 1 2 |  2.0
Fighting       | |  3.6
Armour         | |  2.4

Action                   |  1- 3 |  4- 6 |  7- 9 || total
-------------------------+-------+-------+-------++-------
Melee: Mace              |    45 |   124 |    38 ||   207
       Headbutt          |     9 |    16 |     3 ||    28
Invok: Berserk           |     1 |     5 |     1 ||     7
  Use: Scroll            |     3 |     7 |       ||    10
       Potion            |       |       |     3 ||     3
 Stab: Sleeping          |     2 |       |     1 ||     3
  Eat: Chunk             |       |     7 |     1 ||     8
       Ration            |       |     1 |     1 ||     2
Armor: Animal skin       |     4 |    17 |     3 ||    24
Dodge: Dodged            |    33 |    69 |    41 ||   143
